 Dungeon Crawl Stone Soup version 0.29-a0-732-g3d7fbe0af2 (webtiles) character file.

Game seed: 11073442754832139608

264557 Mesmaeker13 the Warrior (level 20, -10/156 HPs)
             Began as a Formicid Hunter on June 29, 2022.
             Was a High Priest of Elyvilon.
             Mangled by a naga
             ... wielding a +0 battleaxe
              (11 damage)
             ... on level 3 of the Abyss.
             The game lasted 01:55:41 (54400 turns).

Mesmaeker13 the Warrior (Formicid Hunter)          Turns: 54400, Time: 01:55:41

Health: -10/156    AC: 24    Str: 25    XL:     20   Next: 87%
Magic:  28/28      EV: 10    Int: 17    God:    Elyvilon [*****.]
Gold:   4318       SH: 18    Dex: 21    Spells: 23/26 levels left

rFire   + . .      SeeInvis +   N - +9 triple crossbow (flame)
rCold   + . .      Faith    .   u - +0 kite shield {reflect}
rNeg    . . .      Spirit   .   e - +2 chain mail {rF+}
rPois   +          Reflect  +   (helmet unavailable)
rElec   +          Harm     .   b - +0 cloak {rPois}
rCorr   .          Rampage  .   B - +0 pair of gloves {Stlth+}
Will    ++...                   c - +0 pair of boots of Somewhere Else {Slay+3}
Stlth   ..........              m - amulet "Qiemp" {Reflect Slay+3 SH+5 SInv}
HPRegen 0.36/turn               H - ring of Vampiric Thralls {rElec rPois Dex+5}
MPRegen 0.21/turn               Q - ring of Zuge {rC+ AC+4 Str+6 Int+4 Dex-3}

@: lethally poisoned (-10 -> -18), weakened, constricted
A: permanent stasis, dig shafts and tunnels, antennae 3, four strong arms, frail
1, evolution 1
}: 2/15 runes: barnacled, gossamer
a: Dig, Shaft Self, Renounce Religion, Purification, Heal Other, Heal Self,
Divine Vigour


You were on level 3 of the Abyss.
You worshipped Elyvilon.
Elyvilon was extremely pleased with you.
You visited 7 branches of the dungeon, and saw 34 of its levels.
You visited the Abyss 1 time.
You also visited: Sewer, Gauntlet and Volcano.

You collected 4916 gold pieces.
You spent 598 gold pieces at shops.

Inventory:

Hand Weapons
 i - a +0 eveningstar of flaming
 t - a +3 battleaxe of electrocution
 N - a +9 triple crossbow of flaming (weapon)
Missiles
 E - 5 curare-tipped darts
 O - 7 throwing nets
Armour
 b - a +0 cloak of poison resistance (worn)
 c - the +0 pair of boots of Somewhere Else (worn) {Slay+3}
   (You found it on level 3 of the Spider Nest)

   Slay:      It affects your accuracy & damage with ranged weapons and melee
   (+3).
 e - a +2 chain mail of fire resistance (worn)
 u - a +0 kite shield of reflection (worn)
 y - a +4 plate armour of poison resistance
 B - a +0 pair of gloves of stealth (worn)
 K - +0 ice dragon scales
Jewellery
 m - the amulet "Qiemp" (around neck) {Reflect Slay+3 SH+5 SInv}
   (You found it on level 2 of the Dungeon)

   [amulet of reflection]

   It reflects blocked missile attacks.
   Slay:      It affects your accuracy & damage with ranged weapons and melee
   (+3).
   SInv:      It lets you see invisible.
   SH:        It affects your SH (+5).
 o - a ring of resist corrosion
 r - an amulet of the acrobat
 G - an amulet of guardian spirit
 H - the ring of Vampiric Thralls (left hand) {rElec rPois Dex+5}
   (You took it off a deep elf knight on level 1 of the Elven Halls)

   [ring of poison resistance]

   Dex:       It affects your dexterity (+5).
   rElec:     It insulates you from electricity.
   rPois:     It protects you from poison.
 I - a ring of flight
 Q - the ring of Zuge (right hand) {rC+ AC+4 Str+6 Int+4 Dex-3}
   (You took it off a tengu conjurer on level 8 of the Dungeon)

   [ring of protection]

   AC:        It affects your AC (+4).
   Str:       It affects your strength (+6).
   Int:       It affects your intelligence (+4).
   Dex:       It affects your dexterity (-3).
   rC:        It protects you from cold.
 S - a ring of fire
Wands
 f - a wand of digging (20)
 j - a wand of mindburst (4)
 z - a wand of paralysis (4)
Scrolls
 d - 5 scrolls of amnesia
 g - 2 scrolls of magic mapping
 v - 3 scrolls of identify
 w - 5 scrolls of fog
 x - 3 scrolls of silence
 F - 2 scrolls of poison
Potions
 a - 3 potions of brilliance
 k - 7 potions of curing
 l - 10 potions of attraction
 n - 8 potions of ambrosia
 p - 7 potions of flight
 q - a potion of heal wounds
 s - 7 potions of might
 A - 2 potions of cancellation
 D - 4 potions of magic
 J - 5 potions of mutation
 M - 10 potions of lignification
 W - 3 potions of resistance
Miscellaneous
 h - a tin of tremorstones (2/2)
 C - a phantom mirror


   Skills:
 + Level 19.1 Fighting
 - Level 10.2 Axes
 + Level 17.9 Ranged Weapons
 - Level 14.7 Armour
 - Level 9.0 Dodging
 - Level 1.2 Stealth
 + Level 10.5 Shields
 + Level 3.8 Spellcasting
 - Level 8.5 Hexes
 - Level 7.5 Translocations
 + Level 11.9 Invocations
 - Level 8.0 Evocations


You had 23 spell levels left.
You knew the following spells:

 Your Spells              Type           Power      Damage    Failure   Level
a - Portal Projectile     Hex/Tloc       60%        N/A       13%         3

Your spell library contained the following spells:

 Spells                   Type           Power      Damage    Failure   Level
 Slow                     Hex            100%       N/A       3%          1
 Confusing Touch          Hex            32%        N/A       11%         3
 Tukima's Dance           Hex            32%        N/A       11%         3
 Ensorcelled Hibernation  Hex/Ice        34%        N/A       30%         2
 Passage of Golubria      Tloc           29%        N/A       45%         4
 Inner Flame              Hex/Fire       17%        N/A       52%         3
 Summon Guardian Golem    Hex/Summ       17%        N/A       52%         3
 Foxfire                  Conj/Fire      12%        2x1d4     75%         1
 Shock                    Conj/Air       12%        1d3       75%         1
 Summon Small Mammal      Summ           12%        N/A       75%         1
 Passwall                 Tmut/Erth      2%         N/A       87%         2
 Scorch                   Fire           6%         2d5       87%         2
 Sublimation of Blood     Necr           3%         N/A       87%         2
 Wereblood                Tmut           3%         N/A       87%         2
 Fulminant Prism          Conj/Hex       8%         3d7       89%         4
 Leda's Liquefaction      Hex/Erth       8%         N/A       89%         4
 Iskenderun's Mystic Bla  Conj/Tloc      16%        2d5       94%         4
 Call Canine Familiar     Summ           3%         N/A       98%         3
 Conjure Flame            Conj/Fire      3%         6-21      98%         3
 Stone Arrow              Conj/Erth      6%         3d7       98%         3
 Vampiric Draining        Necr           3%         2d6       98%         3
 Summon Mana Viper        Hex/Summ       17%        N/A       99%         5
 Yara's Violent Unravell  Hex/Tmut       8%         3d5       99%         5
 Airstrike                Air            1%         N/A       100%        4
 Flame Wave               Conj/Fire      3%         2d4       100%        4
 Summon Ice Beast         Ice/Summ       3%         N/A       100%        4
 Alistair's Intoxication  Tmut/Pois      2%         N/A       100%        5
 Borgnjor's Vile Clutch   Necr/Erth      1%         N/A       100%        5
 Lee's Rapid Deconstruct  Erth           1%         3d5*      100%        5
 Eringya's Noxious Bog    Tmut/Pois      1%         N/A       100%        6
 Statue Form              Tmut/Erth      2%         N/A       100%        6
 Summon Cactus Giant      Summ           1%         N/A       100%        6
 Monstrous Menagerie      Summ           1%         N/A       100%        7
 Summon Hydra             Summ           1%         N/A       100%        7
 Lehudib's Crystal Spear  Conj/Erth      1%         10d2      100%        8
 Swiftness                Air            Unusable   N/A       N/A         3

Dungeon Overview and Level Annotations

Branches:
Dungeon (15/15)            Temple (1/1) D:6            Lair (6/6) D:10
 Shoals (4/4) Lair:3       Spider (4/4) Lair:3        Slime (0/5) Lair:6
    Orc (2/2) D:12            Elf (2/3) Orc:2        Vaults (0/5) D:14
 Depths (0/4) D:15          Sewer (visited)         Volcano (visited)
Gauntlet (visited)

Altars:
Ashenzari
Cheibriados
Dithmenos
Elyvilon
Fedhas
Gozag
Hepliaklqana
Kikubaaqudgha
Makhleb
Nemelex Xobeh
Okawaru
Qazlal
Ru
Sif Muna
Trog
Uskayaw
Vehumet
Wu Jian
Xom
Yredelemnul
Zin
The Shining One
Beogh
Jiyva

Shops:
D:1 !:[   D:4 (**   D:5 ?   D:8 ?   D:9 *   D:12 [[=   Orc:1 :   Orc:2 *!!*[
Shoals:2 *

Portals:
Trove: D:14 (give +6 fire dragon scales)

Annotations:
D:8 2 runed translucent doors


Innate Abilities, Weirdness & Mutations

You cannot be hasted, slowed, berserked, paralysed or teleported.
You can dig through walls and to a lower floor.
You have a pair of large antennae on your head. (SInv)
Your four strong arms can wield two-handed weapons with a shield.
You are frail. (-10% HP)
You have hidden genetic potential.


Message History

The Shining One smites you!
* * * LOW HITPOINT WARNING * * *
The large abomination hits you but does no damage.
The naga mage mumbles some strange words.
The naga mage seems to speed up.
The Executioner hits you but does no damage.
The Executioner misses you.
The Executioner hits you but does no damage.
The orange demon stings you but does no damage.
The naga spits poison at you.
The splash of poison hits you but does no damage.
You have difficulty breathing.
* * * LOW HITPOINT WARNING * * *
Your stasis prevents you from being slowed.
The naga constricts you.
The iron imp hits you but does no damage.
The orange demon barely misses you.
Fire: N) +9 triple crossbow (flame)
Press: ? - help, Q - select action, (/) - cycle Shift-Dir - straight line, f/p - daeva
Aim: a daeva, wielding a +5 long sword of holy wrath and wearing a +0 tower shield (severely wounded, haloed)
You shoot a bolt. The bolt hits the daeva!!!
The bolt burns the daeva.
You kill the daeva!
* * * LOW HITPOINT WARNING * * *
You feel very sick. The Executioner hits you.
* * * LOW HITPOINT WARNING * * *
The Executioner closely misses you.
The Executioner hits you but does no damage.
You block the Executioner's attack. x2
The Executioner hits you but does no damage. x2
You block the Executioner's attack. The Executioner hits you.
* * * LOW HITPOINT WARNING * * *
The Executioner barely misses you.
The Executioner hits you but does no damage.
You block the Executioner's attack.
The large abomination hits you but does no damage.
The guardian serpent barely misses you. The orange demon stings you from afar.
Elyvilon protects you from harm! The naga hits you with a +0 battleaxe!
You die...

#. #...#...# .
.≈.##N≈.#.. #≈ ..
.#..≈.#. ##≈≈≈. #.
#.##......≈.≈≈# .#
#.#.#.≈##..#..#
.♣..#...{#.#..#≈.#
.....#....4N.X...#.#
##.#.#...##S#.S##.#
# ..#...41@#. ## .#
.#....#NX5.# . . #
#..# ..##...# ## ..
..#.##.#..#### #
.#.... # . # . .....
...# .....#.#### #
..# . . †#.#.# .# #
## .#. . #. #


You could see an Executioner (fast), 2 orange demons, a large abomination, a
guardian serpent, a naga mage (fast), a naga (curare, catching breath) and an
iron imp.

Vanquished Creatures
  Arachne (Spider:2)
  Mlioglotl (Spider:2)
  Gastronok (Lair:3)
  A tentacled starspawn (Abyss:3)
  2 sphinxes (Shoals:4)
  Kirke (Lair:3)
  Polyphemus (Shoals:2)
  A daeva (Abyss:3)
  Donald (Spider:1)
  Roxanne (Spider:2)
  A frost giant (D:14)
  3 ghost moths (Spider:4)
  6 emperor scorpions
  2 iron dragons (Elf:1)
  A deep elf annihilator (D:14)
  2 deep elf demonologists (Elf:1)
  3 minotaurs
  5 entropy weavers
  A dire elephant (D:14)
  2 spark wasps
  Snorg (D:11)
  2 fire dragons
  A deep elf death mage (Elf:1)
  2 merfolk impalers (Shoals:3)
  A merfolk javelineer (Shoals:4)
  A deep elf high priest (Elf:1)
  5 boulder beetles
  An ice dragon (Elf:1)
  A vault guard (D:14)
  An ogre mage (D:15)
  7 hydras
  7 centaur warriors
  7 catoblepae
  2 merfolk avatars
  A merfolk aquamancer (Shoals:3)
  6 dancing weapons
  6 two-headed ogres
  4 radroaches
  9 satyrs
  3 tengu warriors (D:14)
  Erica (D:11)
  13 death yaks
  2 hell hogs
  5 orc high priests (Orc:2)
  A vampire mage (D:15)
  14 deep elf knights
  Nergalle (D:11)
  Sonja (D:13)
  5 pharaoh ants
  A fire crab (Volcano)
  17 sea snakes
  A skeletal warrior (D:8)
  8 orb spiders
  A sun moth (Spider:4)
  5 steelbarb worms
  8 deep elf archers
  A glowing orange brain (Gauntlet)
  A necromancer (D:14)
  A wizard (D:14)
  13 deep elf pyromancers
  Pikel (D:7)
  6 orc knights
  20 harpies
  18 wolf spiders
  An oklob plant (Lair:2)
  18 deep elf zephyrmancers
  9 ugly things
  2 orc sorcerers (Orc:2)
  26 manticores
  7 cyclopes
  26 elephants
  A black mamba (shapeshifter) (D:14)
  4 moths of wrath
  14 fauns
  A naga mage (D:15)
  Maurice (D:8)
  10 merfolk sirens
  6 torpor snails
  5 water nymphs
  4 black mambas
  A gargoyle (D:10)
  12 cane toads
  A minotaur zombie (Gauntlet)
  A tengu conjurer (D:8)
  5 demonic crawlers
  2 rime drakes
  3 komodo dragons
  A yaktaur (D:14)
  3 freezing wraiths
  7 wind drakes
  32 merfolk
  A queen bee (Lair:3)
  5 trolls
  4 meliai
  2 polar bears
  12 dream sheep
  A raiju (Abyss:3)
  26 tarantellas
  23 blink frogs
  5 hornets
  7 slime creatures
  30 jumping spiders
  26 culicivoras
  12 snapping turtles
  A spriggan (shapeshifter) (D:14)
  An air elemental (Elf:1)
  A centaur simulacrum (D:15)
  3 wraiths
  78 yaks
  12 water elementals
  2 hogs (Lair:3)
  11 fire bats (Volcano)
  3 wyverns
  2 shadows
  7 steam dragons
  3 fire elementals (Elf:1)
  22 humans (D:14)
  A neqoxec (Abyss:3)
  62 redbacks
  10 vampire mosquitoes
  8 basilisks
  Edmund (D:5)
  2 wargs (Orc:1)
  Duvessa (D:7)
  2 acid dragons (D:12)
  15 water moccasins
  2 ice beasts
  A black bear (D:8)
  31 orc warriors
  3 sky beasts
  9 ogres
  13 centaurs
  27 wolves
  2 lemures (D:7)
  14 bullfrogs
  A gnoll sergeant (D:13)
  A necrophage (D:6)
  3 earth elementals
  17 wights
  A hornet simulacrum (D:14)
  Dowan (D:7)
  32 killer bees
  A howler monkey (D:8)
  3 electric eels
  A quasit (Abyss:3)
  8 lava snakes (Volcano)
  3 hounds
  35 orc priests
  4 jellies (Sewer)
  27 orc wizards
  3 iguanas
  Natasha (twice) (D:3)
  3 hell rats
  10 adders
  7 gnolls
  7 river rats
  A shadow imp (D:5)
  2 white imps (D:7)
  An ufetubus (D:5)
  2 worms
  3 dart slugs
  86 orcs
  8 bats
  19 endoplasms
  7 giant cockroaches
  5 hobgoblins
  2 jackals (D:5)
  7 quokkas
  10 ball pythons
  4 frilled lizards
  7 goblins
  7 kobolds
  16 rats
  3 starspawn tentacles (Abyss:3)
1317 creatures vanquished.

Vanquished Creatures (collateral kills)
  A hydra (D:10)
  An alligator snapping turtle (Shoals:2)
  A water nymph (Shoals:2)
  2 merfolk (Shoals:2)
  A wind drake (Shoals:2)
  A snapping turtle (Shoals:2)
7 creatures vanquished.

Vanquished Creatures (others)
  2 manticores
  An orc (Elf:2)
  33 fungi
  108 plants
  7 starspawn tentacles (Abyss:3)
151 creatures vanquished.

Grand Total: 1475 creatures vanquished

Notes
Turn   | Place    | Note
-------+----------+-------------------------------------------
     0 | D:1      | Mesmaeker13 the Formicid Hunter began the quest for the
                  | Orb.
     0 | D:1      | Reached XP level 1. HP: 16/16 MP: 1/1
   175 | D:1      | Found Hon Zaps's Distillery.
   225 | D:1      | Reached XP level 2. HP: 23/23 MP: 2/2
   228 | D:1      | Found Ovoxesic's Book Shop.
   295 | D:1      | Found Veprel's Antique Armour Shoppe.
   788 | D:2      | Reached XP level 3. HP: 28/28 MP: 3/3
   980 | D:2      | Reached skill level 3 in Fighting
  1147 | D:2      | Identified the amulet "Qiemp" {Reflect Slay+3 SH+5 SInv}
  1245 | D:2      | Reached XP level 4. HP: 20/35 MP: 4/4
  2491 | D:3      | Noticed Natasha
  2495 | D:3      | Killed Natasha
  2496 | D:3      | Reached XP level 5. HP: 41/41 MP: 5/5
  2822 | D:3      | Found a shimmering altar of Xom.
  2830 | D:3      | Reached skill level 5 in Ranged Weapons
  2942 | D:3      | Reached skill level 1 in Shields
  3031 | D:3      | You fall into a shaft and drop 1 floor!
  3089 | D:4      | Reached skill level 4 in Fighting
  3089 | D:4      | Reached skill level 1 in Armour
  3089 | D:4      | Reached XP level 6. HP: 32/48 MP: 6/6
  3467 | D:3      | Noticed an ogre
  3475 | D:3      | You fall into a shaft and drop 3 floors!
  3568 | D:5      | Entered Level 5 of the Dungeon
  3568 | D:5      | Noticed Edmund
  3585 | D:5      | Killed Edmund
  3586 | D:5      | Reached XP level 7. HP: 28/55 MP: 7/7
  3861 | D:5      | Found a basalt altar of Yredelemnul.
  3881 | D:5      | Found a glowing golden altar of the Shining One.
  3974 | D:5      | Found a glowing drain.
  3978 | Sewer    | Entered a sewer
  4185 | Sewer    | Found a viscous altar of Jiyva.
  4352 | D:5      | Found Egaamam's Magic Scroll Emporium.
  4369 | D:5      | Reached skill level 5 in Fighting
  4586 | D:5      | Reached XP level 8. HP: 37/62 MP: 8/8
  4984 | D:4      | Found Jaaguot's Assorted Antiques.
  5047 | D:4      | Found Jeiqytag's Assorted Antiques.
  5137 | D:4      | Found Qoecluj's Antique Weapon Emporium.
  5776 | D:6      | Identified the +5 ring mail "Ceis" {rElec rC- rN+}
  6058 | D:6      | Found an iron altar of Okawaru.
  6096 | D:6      | Reached skill level 5 in Shields
  6378 | D:6      | Found a staircase to the Ecumenical Temple.
  6423 | D:6      | Identified the +1 leather armour of the Blind Marksman
                  | {rElec rF+}
  6718 | Temple   | Entered the Ecumenical Temple
  6785 | Temple   | Became a worshipper of Elyvilon the Healer
  6901 | D:3      | Noticed Natasha
  6910 | D:3      | Killed Natasha
  6922 | D:1      | Bought a pair of runed gloves for 150 gold pieces
  7199 | D:7      | Reached skill level 6 in Fighting
  7199 | D:7      | Reached skill level 1 in Invocations
  7258 | D:7      | Reached XP level 9. HP: 68/69 MP: 8/10
  7327 | D:7      | Noticed Pikel
  7334 | D:7      | Killed Pikel
  7335 | D:7      | Reached skill level 5 in Armour
  7617 | D:7      | Noticed Duvessa
  7619 | D:7      | Noticed Dowan
  7631 | D:7      | Killed Duvessa
  7632 | D:7      | Reached skill level 7 in Fighting
  7772 | D:7      | Killed Dowan
  8194 | D:8      | Reached * piety under Elyvilon
  8288 | D:5      | Bought a scroll of identify for 28 gold pieces
  8548 | D:8      | Reached XP level 10. HP: 66/79 MP: 13/13
  8604 | D:8      | Found Paxuwuih's Magic Scroll Boutique.
  8702 | D:8      | Reached skill level 5 in Invocations
  8867 | D:8      | Noticed Maurice
  8877 | D:8      | Killed Maurice
  8879 | D:8      | Reached skill level 8 in Fighting
  8980 | D:8      | Found a runed translucent door.
  9487 | D:8      | Reached ** piety under Elyvilon
  9515 | D:8      | Noticed a komodo dragon
  9520 | D:8      | Killed a komodo dragon
  9528 | D:8      | Identified a scroll of acquirement
  9529 | D:8      | Acquired 1094 gold pieces
  9588 | D:8      | Found a runed translucent door.
  9588 | D:8      | Noticed a manticore
  9601 | D:8      | Identified the ring of Zuge {rC+ AC+4 Str+6 Int+4 Dex-3}
  9609 | D:8      | Identified the amulet "Hero's Friend" {Faith rElec Str+3
                  | Int-3 Dex+2}
  9609 | D:8      | Noticed a skeletal warrior
  9613 | D:8      | You fall into a shaft and drop 3 floors!
  9689 | D:10     | Entered Level 10 of the Dungeon
  9689 | D:10     | Noticed a death yak
  9689 | D:10     | Noticed a death yak
  9689 | D:10     | Noticed a death yak
  9689 | D:10     | Found a staircase to the Lair.
  9741 | D:9      | Killed a death yak
 10363 | D:9      | Reached skill level 9 in Fighting
 10363 | D:9      | Reached XP level 11. HP: 60/89 MP: 16/16
 10496 | D:9      | Found Joecioc's Assorted Antiques.
 10604 | D:9      | Noticed a two-headed ogre
 10614 | D:9      | Elyvilon protects you from harm!
 10616 | D:9      | Killed a two-headed ogre
 10994 | D:9      | Acquired a +5 triple crossbow of flaming
 11138 | D:9      | Found a hide-covered altar of Uskayaw.
 11540 | D:8      | Killed a skeletal warrior
 11696 | D:8      | Identified the ring of Qosokuac {MP+9 Stlth+}
 11741 | D:8      | Identified the amulet "Jiule" {Spirit rElec MP+9 Dex+5}
 11741 | D:8      | Noticed a centaur warrior
 11744 | D:8      | Killed a centaur warrior
 11745 | D:8      | Reached skill level 10 in Fighting
 11812 | D:8      | Noticed a catoblepas
 11827 | D:8      | Killed a catoblepas
 11828 | D:8      | Reached skill level 10 in Ranged Weapons
 11852 | D:8      | Reached *** piety under Elyvilon
 11852 | D:8      | Noticed a two-headed ogre
 11874 | D:8      | Killed a two-headed ogre
 12240 | D:10     | Found a snail-covered altar of Cheibriados.
 12262 | D:10     | Found an opulent altar of Gozag.
 12471 | D:10     | Reached XP level 12. HP: 98/98 MP: 18/18
 12574 | D:10     | Killed a death yak
 12585 | D:10     | Killed a death yak
 12586 | D:10     | Reached skill level 10 in Armour
 12807 | D:10     | Found a bloodstained altar of Trog.
 13016 | Lair:1   | Entered Level 1 of the Lair of Beasts
 13037 | Lair:1   | Reached skill level 11 in Fighting
 13392 | Lair:1   | Reached **** piety under Elyvilon
 13672 | Lair:1   | Noticed an eight-headed hydra
 13694 | D:10     | Killed an eight-headed hydra
 14329 | Lair:1   | Reached skill level 12 in Fighting
 14329 | Lair:1   | Reached XP level 13. HP: 108/108 MP: 19/19
 14832 | Lair:2   | Noticed a five-headed hydra
 14841 | Lair:1   | Killed a five-headed hydra
 15441 | Lair:2   | Reached ***** piety under Elyvilon
 16132 | Lair:3   | Reached skill level 1 in Evocations
 16141 | Lair:3   | Found a staircase to the Shoals.
 16404 | Lair:3   | Noticed a seven-headed hydra
 16408 | Lair:3   | Killed a seven-headed hydra
 16409 | Lair:3   | Reached skill level 13 in Fighting
 16423 | Lair:3   | Found a dark tunnel.
 16431 | Lair:3   | Noticed Gastronok
 16432 | Volcano  | Entered a volcano
 16960 | Volcano  | Found a bloodstained altar of Trog.
 17076 | Lair:3   | Killed Gastronok
 17212 | Lair:3   | Reached XP level 14. HP: 101/118 MP: 20/20
 17973 | Lair:3   | Reached skill level 5 in Evocations
 18118 | Lair:3   | Found a hole to the Spider Nest.
 18390 | Lair:3   | Reached skill level 5 in Dodging
 19479 | Lair:4   | Reached skill level 14 in Fighting
 20955 | D:4      | Bought a shimmering glaive for 276 gold pieces
 20955 | D:4      | Identified the +3 glaive of an ossuary {vorpal, Fly rElec
                  | rF-} (You bought it in a shop on level 4 of the Dungeon)
 21302 | Lair:4   | Reached skill level 1 in Axes
 22090 | Lair:5   | Reached XP level 15. HP: 118/127 MP: 21/21
 22277 | Lair:5   | Reached ****** piety under Elyvilon
 22737 | Lair:6   | Entered Level 6 of the Lair of Beasts
 23294 | Lair:6   | Found a staircase to the Slime Pits.
 23295 | Lair:6   | Found a viscous altar of Jiyva.
 23663 | Lair:6   | Learned a level 3 spell: Portal Projectile
 23718 | Lair:6   | Reached skill level 1 in Hexes
 23930 | Lair:6   | Reached skill level 15 in Fighting
 24773 | D:11     | Noticed Snorg
 24777 | D:11     | Killed Snorg
 25015 | D:11     | Noticed Nergalle
 25015 | D:11     | Noticed Erica
 25019 | D:11     | Killed Erica
 25043 | D:11     | Killed Nergalle
 25621 | D:12     | Found a staircase to the Orcish Mines.
 25631 | D:12     | Reached skill level 5 in Axes
 25794 | D:12     | Found Ehounon's Armour Boutique.
 25808 | D:12     | Bought a +0 cloak of poison resistance for 144 gold pieces
 25939 | D:12     | Found Aromogh's Jewellery Shop.
 26233 | D:12     | Found Doh Fan's Armour Shoppe.
 26268 | Orc:1    | Entered Level 1 of the Orcish Mines
 26385 | Orc:2    | Entered Level 2 of the Orcish Mines
 26394 | Orc:2    | Reached XP level 16. HP: 114/136 MP: 22/22
 26665 | Orc:2    | Found Asoph's General Store.
 27027 | Orc:2    | Found a staircase to the Elven Halls.
 28133 | Orc:2    | Reached skill level 5 in Hexes
 28468 | Orc:2    | Found Urphu's Distillery.
 28471 | Orc:2    | Found Muiposh's General Store.
 28472 | Orc:2    | Found Fawne's Armour Shop.
 28473 | Orc:2    | Found Ewa Xaic's Distillery.
 28606 | Orc:1    | Found Dybituus's Book Emporium.
 28929 | Shoals:1 | Entered Level 1 of the Shoals
 28929 | Shoals:1 | Noticed Kirke
 28971 | Lair:3   | Killed Kirke
 29557 | Shoals:1 | You fall into a shaft and drop 1 floor!
 29557 | Shoals:2 | Found Jolo's Assorted Antiques.
 29577 | Shoals:2 | Elyvilon protects you from harm!
 29702 | Shoals:2 | Reached skill level 15 in Ranged Weapons
 29853 | Shoals:2 | Identified the +6 long sword of Sloth {vorpal, Dex+3}
 30725 | D:13     | Reached skill level 16 in Fighting
 31065 | D:13     | Noticed Sonja
 31067 | D:13     | Killed Sonja
 31249 | D:14     | Found a shimmering blue altar of Sif Muna.
 31383 | D:14     | Found a shadowy altar of Dithmenos.
 31501 | D:14     | Found a portal to a secret trove of treasure.
 31626 | D:14     | Reached XP level 17. HP: 144/144 MP: 23/23
 31730 | D:14     | Found a gate to the Vaults.
 33340 | D:15     | Entered Level 15 of the Dungeon
 33733 | D:15     | Found a gate leading to a gauntlet.
 33743 | Gauntlet | Entered a Gauntlet
 33743 | Gauntlet | Found a transporter.
 33746 | Gauntlet | Found a transporter.
 33749 | Gauntlet | Found a transporter.
 33753 | Gauntlet | Found a transporter.
 33799 | Gauntlet | Found a transporter.
 33813 | Gauntlet | Found a transporter.
 33826 | Gauntlet | Found a transporter.
 33828 | Gauntlet | Found a transporter.
 33832 | Gauntlet | Found a transporter.
 33837 | Gauntlet | Found a transporter.
 33837 | Gauntlet | Found a transporter.
 33841 | Gauntlet | Found a transporter.
 33954 | Gauntlet | Identified the +0 cloak of the Hanged Man {*Corrode +Blink
                  | Str+4}
 34225 | D:15     | Reached skill level 1 in Translocations
 34853 | D:15     | Found a staircase to the Depths.
 35480 | Shoals:2 | Noticed Polyphemus
 36129 | Shoals:2 | Killed Polyphemus
 36935 | Shoals:3 | Reached XP level 18. HP: 109/153 MP: 24/24
 36946 | Shoals:3 | Reached skill level 17 in Fighting
 37928 | Shoals:4 | Entered Level 4 of the Shoals
 38277 | Shoals:3 | Identified the +4 robe of the Jackalope {Rampage Str-3 SInv
                  | Stlth+}
 40594 | Shoals:4 | Reached skill level 10 in Axes
 40935 | Shoals:4 | Identified the +0 broad axe of Quick Death {flame, rElec
                  | Will- Int+3}
 40986 | Shoals:4 | Reached skill level 5 in Translocations
 41218 | Shoals:4 | Identified the +0 leather armour "Ehalaul" {Str+4}
 41245 | Shoals:4 | Got a barnacled rune of Zot
 41595 | Spider:1 | Entered Level 1 of the Spider Nest
 41732 | Spider:1 | Reached XP level 19. HP: 162/162 MP: 25/25
 41993 | Spider:1 | Noticed Donald
 42001 | Spider:1 | Killed Donald
 43389 | Spider:2 | Reached skill level 18 in Fighting
 44712 | Spider:2 | Identified Roxanne's Compendium of Clay
 44712 | Spider:2 | Noticed Roxanne
 44727 | Spider:2 | Identified the +2 robe of Erphised {rCorr Str-3 Dex+2
                  | Archmagi}
 44908 | Spider:2 | Noticed Arachne
 44917 | Spider:2 | Killed Arachne
 45369 | Spider:2 | Killed Roxanne
 45529 | Spider:2 | Gained mutation: You are frail. (-10% HP) [mutagenic glow]
 45538 | Spider:2 | Gained mutation: You occasionally shout uncontrollably at
                  | your foes. [mutagenic glow]
 45894 | Spider:3 | Noticed Mlioglotl
 45896 | Spider:3 | Gained mutation: You are dopey. (Int -2) [a neqoxec]
 45997 | Spider:2 | Killed Mlioglotl
 46431 | Spider:3 | Identified the +0 pair of boots of Somewhere Else {Slay+3}
 46640 | Spider:4 | Entered Level 4 of the Spider Nest
 47071 | Spider:3 | Reached skill level 10 in Invocations
 49152 | Spider:4 | Reached XP level 20. HP: 126/154 MP: 27/27
 51161 | Spider:4 | Got a gossamer rune of Zot
 51428 | Lair:1   | Lost mutation: You occasionally shout uncontrollably at
                  | your foes. [potion of mutation]
 51428 | Lair:1   | Lost mutation: You are dopey. (Int -2) [potion of mutation]
 51428 | Lair:1   | Gained mutation: You have hidden genetic potential. [potion
                  | of mutation]
 51518 | Elf:1    | Entered Level 1 of the Elven Halls
 51920 | Elf:1    | Reached skill level 1 in Spellcasting
 53065 | Elf:1    | Identified the ring of Vampiric Thralls {rElec rPois Dex+5}
 53172 | Elf:1    | Reached skill level 10 in Shields
 53201 | Elf:1    | Found a runed translucent gate.
 53201 | Elf:1    | Found a runed translucent gate.
 53201 | Elf:1    | Found a runed translucent gate.
 53201 | Elf:1    | Found a runed translucent gate.
 53201 | Elf:1    | Found a runed translucent gate.
 53202 | Elf:1    | Found a runed translucent gate.
 53261 | Elf:1    | Reached skill level 19 in Fighting
 54305 | Abyss:3  | Cast into level 3 of the Abyss (a deep elf demonologist)
 54400 | Abyss:3  | HP: 6/156 [poisoned by an orange demon]
 54400 | Abyss:3  | HP: 2/156 [Executioner (4)]
 54400 | Abyss:3  | Elyvilon protects you from harm!
 54400 | Abyss:3  | Mangled by a naga

Illustrated notes

Levels and vault maps discovered:
D:1:      dpeg_arrival_arbitrary_c, layout_loops_ring, serial_shops, shop, shop,
          nicolae_diamond_shop
D:2:      layout_basic
D:3:      layout_loops_ring, mainiacjoe_overflow_paths, uniq_natasha
D:4:      layout_rooms, serial_shops, nicolae_square_shop,
          kennysheep_little_box, nicolae_shop_overgrown_old_shop
D:5:      layout_loops_cross, mainiacjoe_overflow_small_starburst,
          mainiacjoe_overflow_tiny_flanked, serial_shops, shop,
          gup_sewer_entry_spiral, uniq_edmund
D:6:      layout_basic, kennysheep_okawaru_gauntlet,
          minmay_temple_entry_gardened_gates
D:7:      layout_loops_cross, uniq_duvessa, uniq_pikel
D:8:      minmay_the_grid_triangle_9x9_rhombus_thin
          [minmay_the_grid_triangle_9x9_tough_junction,
          minmay_the_grid_triangle_9x9_prize_special,
          minmay_the_grid_triangle_9x9_stretched_checkered,
          minmay_the_grid_triangle_9x9_shrine], layout_gridville, serial_shops,
          shop, uniq_maurice
D:9:      layout_cave_pods, mainiacjoe_overflow_six_doors_small, serial_shops,
          shop
D:10:     layout_long_grid, mainiacjoe_overflow_24_doors,
          lightli_temple_of_fire, cheibriados_altar_1, dpeg_lair_monsters
D:11:     layout_loops_cross, uniq_nergalle, uniq_erica, uniq_snorg
D:12:     layout_gridville, minmay_orc_entry_temple_small, serial_shops, shop,
          nicolae_shop_crystal, shop
D:13:     layout_gridville, uniq_sonja
D:14:     kennysheep_four_of_diamonds, layout_basic, grunt_vaults_entry_tiered,
          enter_trove_6, nicolae_sif_muna_condensation, grunt_ministairs_5,
          nicolae_dithmenos_the_darkroom
D:15:     hangedman_depths_entry_try_elsewhere_first, layout_basic,
          gauntlet_entry_generic, nzn_life_drinkers
Temple:   nicolae_temple_great_sept
Lair:1:   layout_layer_cave, grunt_megastairs_3, serial_bayou_shore_a
Lair:2:   layout_loops_ring, minmay_lair_oklob_bushes,
          chequers_serial_rivers_small_3, serial_bayou_pond_a,
          serial_bayou_shore_b, grunt_megastairs_1
Lair:3:   regret_index_wax_grids, layout_regular_city,
          elwin_shoals_entry_stream, spider_nest_entry_funnel_web,
          nicolae_volcano_entry_two_sided, eino_small_chamber_without_monster,
          uniq_gastronok
Lair:4:   layout_cave_pods
Lair:5:   layout_gridlike, grunt_megastairs_5, serial_bayou_shore_b
Lair:6:   evilmike_catoblepas_cave, layout_hall_layers, slime_entry_1,
          chequers_serial_rivers_large_b
Shoals:1: layout_shoals, uniq_kirke
Shoals:2: layout_shoals, serial_shops, shop, uniq_polyphemus
Shoals:3: layout_shoals, nicolae_shoals_stone_sculpture_thing
Shoals:4: shoals_end_hellmonk_lost_city
Spider:1: layout_spider_delve, hangedman_spider_tarantella_strand, uniq_donald
Spider:2: layout_chambers, nicolae_spider_eight_legs, uniq_arachne, uniq_roxanne
Spider:3: layout_spider_delve, uniq_mlioglotl
Spider:4: spider_rune_water
Orc:1:    layout_diamond_mine, serial_shops, nicolae_shop_statue_plus
Orc:2:    st_orc_pillars, layout_diamond_mine, serial_shops,
          nicolae_shop_statue_plus, nicolae_orc_stony_grotto
Elf:1:    layout_loops_corners, orc_legates
Elf:2:    elven_hall_of_blades_hangedman_alternative [grunt_blade_entry_basic],
          layout_gridlike, serial_shops,
          nicolae_shop_temple_entry_statues_fountains, ebering_ghost_xom,
          minivault_5, minmay_misc_feat_rows, nicolae_shop_sticking_my_neck_out
Abyss:3:  base: Lair:4, hangedman_abyss_sting

Skill      XL: |  1  2  3  4  5  6  7  8  9 10 11 12 13 14 15 16 17 18 19 20 |
---------------+-------------------------------------------------------------+-----
Dodging        | 2 3 4 6 7 9 |  9.0
Fighting       | 3 4 5 6 7 9 10 12 13 14 15 16 17 18 19 | 19.1
Ranged Weapons | 5 6 7 9 10 11 12 13 14 15 16 17 | 17.9
Shields        | 1 2 4 5 8 10 | 10.5
Armour         | 1 2 3 4 6 8 9 11 12 13 14 | 14.7
Invocations    | 1 4 7 9 10 11 | 11.9
Evocations     | 4 7 8 |  8.0
Axes           | 2 5 7 8 10 | 10.2
Hexes          | 4 7 8 |  8.5
Translocations | 2 5 7 |  7.5
Spellcasting   | 3 |  3.8
Stealth        | |  1.2

Action                   |  1- 3 |  4- 6 |  7- 9 | 10-12 | 13-15 | 16-18 | 19-21 || total
-------------------------+-------+-------+-------+-------+-------+-------+-------++-------
Melee: Mace              |       |     8 |       |       |       |       |       ||     8
       Flail             |       |       |     6 |       |       |       |       ||     6
       Battleaxe         |       |       |       |       |    26 |    71 |   165 ||   262
       Unarmed           |       |       |       |       |       |     1 |       ||     1
       Triple crossbow   |       |       |       |       |       |       |     2 ||     2
 Fire: Shortbow          |    65 |   124 |   374 |       |       |       |       ||   563
       Arbalest          |       |       |    10 |   141 |       |       |       ||   151
       Triple crossbow   |       |       |       |   195 |   709 |   919 |   635 ||  2458
Throw: Dart              |       |     5 |       |       |       |       |       ||     5
       Throwing net      |       |       |       |       |     2 |       |       ||     2
 Cast: Portal Projectile |       |       |       |       |       |     1 |     4 ||     5
Invok: Heal Self         |       |       |       |       |       |     5 |    15 ||    20
       Divine Vigour     |       |       |       |       |       |       |     2 ||     2
 Abil: Shaft Self        |       |     1 |       |     1 |       |       |       ||     2
       Dig               |       |       |       |     1 |     2 |       |       ||     3
Evoke: Wand              |       |     2 |     4 |       |     2 |    26 |     3 ||    37
       Tin of tremorston |       |       |       |       |       |     4 |     2 ||     6
  Use: Scroll            |       |     4 |     8 |    12 |    15 |     8 |     3 ||    50
       Potion            |       |     2 |       |       |       |     9 |    19 ||    30
Armor: Ring mail         |     7 |    25 |    50 |   136 |   372 |    99 |       ||   689
       Chain mail        |       |       |    11 |       |       |   402 |   552 ||   965
Dodge: Dodged            |     7 |    44 |    85 |   156 |   423 |   593 |   456 ||  1764
Block: Buckler           |     2 |    36 |   107 |   181 |   427 |   558 |    11 ||  1322
       Reflection        |       |     1 |     6 |     3 |     4 |    99 |    25 ||   138
       Kite shield       |       |       |       |       |       |       |   739 ||   739

Table legend: (Time is in decaauts)
 A = Elapsed time spent in this place.
 B = Non-inter-level travel time spent in this place.
 C = Inter-level travel time spent in this place.
 D = Time resting spent in this place.
 E = Time spent auto-exploring this place.
 F = Levels seen in this place.
 G = Mean time per level.
                   A        B        C        D        E       F      G
               +--------+--------+--------+--------+--------+-----+--------+
         Total |  56813 |  53057 |   3756 |  21173 |  19291 |  38 | 1495.1 |
       Dungeon |  20150 |  18443 |   1707 |   5053 |   9584 |  15 | 1343.3 |
        Temple |     79 |     68 |     11 |      0 |     18 |   1 |   79.0 |
          Lair |  11735 |  10739 |    996 |   3311 |   5304 |   6 | 1955.8 |
        Shoals |   7704 |   7455 |    249 |   5092 |     69 |   4 | 1926.0 |
   Spider Nest |   9910 |   9432 |    478 |   5258 |   2218 |   4 | 2477.5 |
  Orcish Mines |   2707 |   2404 |    303 |    980 |    753 |   2 | 1353.5 |
   Elven Halls |   2938 |   2929 |      9 |    972 |   1280 |   2 | 1469.0 |
         Abyss |    113 |    113 |      0 |      0 |      0 |   1 |  113.0 |
         Sewer |    299 |    299 |      0 |      0 |      8 |   1 |  299.0 |
       Volcano |    689 |    689 |      0 |    332 |     56 |   1 |  689.0 |
      Gauntlet |    486 |    486 |      0 |    173 |      0 |   1 |  486.0 |
               +--------+--------+--------+--------+--------+-----+--------+

Top non-repeatable levels by time:
Spider:3: 3456 daAuts
  Lair:3: 2887 daAuts
Spider:2: 2805 daAuts
    D:14: 2778 daAuts
   Elf:1: 2519 daAuts
Shoals:3: 2486 daAuts
  Lair:4: 2359 daAuts
Shoals:2: 1952 daAuts
     D:9: 1910 daAuts
  Lair:6: 1906 daAuts
     D:8: 1896 daAuts
  Lair:1: 1868 daAuts
Spider:4: 1842 daAuts
Shoals:4: 1824 daAuts
Spider:1: 1805 daAuts
